[Event "Titled Tuesday Blitz March 07 Late 2023"]
[White "Holt, Conrad"]
[Black "Urbina Perez, Juan Antonio"]
[WhiteFideId "2034387"]
[BlackFideId "2217368"]
[WhiteElo "2592"]
[BlackElo "2197"]
[Result "1-0"]
[Round "04"]
[TimeControl "180+2"]
[Date "2023.03.07"]
[WhiteClock "0:01:29"]
[BlackClock "0:01:04"]

1. d4 Nf6 2. c4 g6 3. Nc3 d5 4. e3 Bg7 5. Qb3 c6 6. Nf3 O-O 7. Be2 dxc4 8. Bxc4 Qb6 9. O-O Qxb3 10. axb3 Nbd7 11. b4 Nb6 12. Bb3 Bf5 13. Ne5 Nfd7 14. Nxd7 Nxd7 15. e4 Be6 16. Bxe6 fxe6 17. Be3 Nb6 18. b3 Rfd8 19. Rfd1 a6 20. Rac1 Nd7 21. Kf1 Nf6 22. h3 Rd7 23. Ke2 Rad8 24. g4 Ne8 25. e5 Nc7 26. f4 Nd5 27. Nxd5 exd5 28. f5 Rc7 29. Rf1 Bf8 30. Bd2 Ra8 31. Rf3 Rcc8 32. h4 Bg7 33. h5 gxh5 34. g5 Kf7 35. e6+ Ke8 36. f6 Bf8 37. f7+ Kd8 38. Bf4 a5 39. Rh1 axb4 40. Rxh5 Ra2+ 41. Kf1 Rca8 42. Rxh7 Ra1+ 43. Kg2 R8a2+ 44. Rf2 Rxf2+ 45. Kxf2 Ra2+ 46. Kf3 1-0


[Site "https://www.chess.com"]

[Event "Titled Tuesday Blitz March 07 Late 2023"]
[White "Mostbauer, Maximilian"]
[Black "Melkumyan, Hrant"]
[WhiteFideId "1626680"]
[BlackFideId "13302485"]
[WhiteElo "2179"]
[BlackElo "2604"]
[Result "0-1"]
[Round "04"]
[TimeControl "180+2"]
[Date "2023.03.07"]
[WhiteClock "0:00:12"]
[BlackClock "0:00:08"]

1. d4 Nf6 2. Nf3 d5 3. g3 Bf5 4. Bg2 e6 5. O-O h6 6. b3 a5 7. Bb2 a4 8. c4 a3 9. Bc3 Ne4 10. Be1 c6 11. Nc3 Nd7 12. Ne5 Nxe5 13. Nxe4 Nxc4 14. bxc4 Bxe4 15. Bxe4 dxe4 16. Qb1 Be7 17. Qxe4 O-O 18. Rb1 Qd7 19. Bb4 Ra4 20. Bxe7 Qxe7 21. Qc2 Rfa8 22. Rb3 c5 23. Rfb1 cxd4 24. Rxb7 Qe8 25. c5 Rc8 26. R1b6 Raa8 27. c6 Qd8 28. c7 Qd5 29. Rb8 g6 30. Rxc8+ Rxc8 31. Rb8 Qd7 32. Qc5 Kh7 33. Rxc8 Qxc8 34. Qd6 Qb7 35. Qd8 Qb1+ 36. Kg2 Qe4+ 37. Kf1 Qh1# 0-1


[Site "https://www.chess.com"]

[Event "Titled Tuesday Blitz March 07 Late 2023"]
[White "Hamidi, Amir Mohammad"]
[Black "Melikhov, Evgeny V."]
[WhiteFideId "12563285"]
[BlackFideId "4122046"]
[WhiteElo "2228"]
[BlackElo "2158"]
[Result "1-0"]
[Round "04"]
[TimeControl "180+2"]
[Date "2023.03.07"]
[WhiteClock "0:01:53"]
[BlackClock "0:00:01"]

1. d4 Nf6 2. c4 e6 3. Nc3 Bb4 4. e3 b6 5. f3 c5 6. Ne2 Ba6 7. a3 Bxc3+ 8. Nxc3 d5 9. Nb5 O-O 10. a4 dxc4 11. Bxc4 Nc6 12. dxc5 Qxd1+ 13. Kxd1 Rfd8+ 14. Ke2 Nd7 15. Bd2 Nxc5 16. Rhc1 Ne5 17. Be1 Nxc4 18. Rxc4 Nxa4 19. Rb4 Nc5 20. Kf1 Bxb5+ 21. Rxb5 f6 22. Bc3 e5 23. Ke2 Kf7 24. g4 Ke6 25. h4 h6 26. Rb4 g5 27. Rb5 Rdb8 28. Rb4 a5 29. Rb5 Nd7 30. f4 Rc8 31. fxe5 fxe5 32. hxg5 hxg5 33. Rh1 Rc5 34. Rh6+ Ke7 35. Rxc5 bxc5 36. Rg6 a4 37. Rxg5 a3 38. bxa3 Rxa3 39. Bxe5 Ke6 40. Bf4 c4 41. Rg6+ Ke7 42. Rc6 Ra2+ 43. Kf3 1-0


[Site "https://www.chess.com"]

[Event "Titled Tuesday Blitz March 07 Late 2023"]
[White "Pinheiro, Iung Alicio de O."]
[Black "Nakamura, Hikaru"]
[WhiteFideId "2104350"]
[BlackFideId "2016192"]
[WhiteElo "2283"]
[BlackElo "2879"]
[Result "0-1"]
[Round "04"]
[TimeControl "180+2"]
[Date "2023.03.07"]
[WhiteClock "0:00:07"]
[BlackClock "0:02:11"]

1. c4 g6 2. g3 d6 3. Bg2 Nc6 4. Nc3 Bg7 5. d3 Bd7 6. e4 Qc8 7. h3 f5 8. Nge2 fxe4 9. dxe4 Nf6 10. Be3 a6 11. Rc1 O-O 12. Qd2 Ne5 13. Nd5 Nxd5 14. cxd5 c5 15. dxc6 bxc6 16. f4 Nf7 17. Bd4 e5 18. Be3 exf4 19. gxf4 Re8 20. Kf2 Qd8 21. Kg1 c5 22. b3 Bc6 23. Ng3 h5 24. e5 Bxg2 25. Qxg2 dxe5 26. f5 Qd3 27. Re1 e4 28. fxg6 Ne5 29. Nxe4 Nf3+ 30. Qxf3 Rxe4 31. Qxh5 Rxe3 32. Qh7+ Kf8 33. Rf1+ Rf3 34. Kg2 Qe2+ 0-1


[Site "https://www.chess.com"]

[Event "Titled Tuesday Blitz March 07 Late 2023"]
[White "Petukhov, Dmitry"]
[Black "Naroditsky, Daniel"]
[WhiteFideId "4142748"]
[BlackFideId "2026961"]
[WhiteElo "2311"]
[BlackElo "2633"]
[Result "0-1"]
[Round "04"]
[TimeControl "180+2"]
[Date "2023.03.07"]
[WhiteClock "0:00:04"]
[BlackClock "0:00:57"]

1. e4 c5 2. c3 d5 3. exd5 Nf6 4. d4 cxd4 5. c4 e6 6. dxe6 Bxe6 7. Nf3 Nc6 8. a3 a5 9. Bd3 Bd6 10. h3 h6 11. O-O O-O 12. Nbd2 Qd7 13. Ne4 Nxe4 14. Bxe4 Bxc4 15. Re1 Rfe8 16. Bd2 Bc7 17. Rc1 Bd5 18. Bxd5 Qxd5 19. Be3 Bb6 20. Qd3 Re6 21. Bf4 Rae8 22. Rxe6 Rxe6 23. Rd1 a4 24. Nd2 Ba5 25. Qc4 Qf5 26. Bg3 b5 27. Qc1 d3 28. Nf3 Qd5 29. Qf4 Bb6 30. Kh2 Bc5 31. Rd2 Bd6 32. Qh4 Be7 33. Qf4 Bf6 34. Qc7 Re2 35. Rd1 Bxb2 36. Nh4 Be5 37. Nf5 Bxc7 0-1


[Site "https://www.chess.com"]

[Event "Titled Tuesday Blitz March 07 Late 2023"]
[White "Mustafayev, Farid"]
[Black "Firouzja, Alireza"]
[WhiteFideId "13408771"]
[BlackFideId "12573981"]
[WhiteElo "2269"]
[BlackElo "2904"]
[Result "0-1"]
[Round "04"]
[TimeControl "180+2"]
[Date "2023.03.07"]
[WhiteClock "0:00:06"]
[BlackClock "0:00:30"]

1. c4 g6 2. Nc3 Bg7 3. d4 Nf6 4. h4 c5 5. d5 d6 6. Nf3 e6 7. dxe6 Bxe6 8. e3 Nc6 9. Be2 h6 10. O-O O-O 11. Qd2 d5 12. cxd5 Nxd5 13. Na4 Qe7 14. e4 Ndb4 15. Bb5 Bg4 16. Nh2 Rad8 17. Qf4 Be6 18. Be3 Nd4 19. Bxd4 Rxd4 20. Nf3 Nd5 21. Qc1 Rxe4 22. Qxc5 a6 23. Qxe7 Nxe7 24. Nc5 Rb4 25. Nxe6 fxe6 26. Bd3 Rxb2 27. Bc4 Kf7 28. Rfe1 Nd5 29. Rad1 Rd8 30. Ne5+ Bxe5 31. Rxe5 Kf6 32. Rde1 Rb6 33. g3 Rc6 34. Bb3 b5 35. f4 h5 36. Rd1 Rcd6 37. Rde1 a5 38. Rg5 Rc6 39. Ree5 Rc5 40. Kh2 a4 41. Bd1 Rc1 42. Be2 Rc2 43. Kh3 Rxa2 44. Bxb5 a3 45. Bc4 Rd2 46. Re1 Rc8 47. Bb3 Rc3 48. Bxd5 Rxd5 49. Rxd5 exd5 50. Re8 d4 51. Kg2 d3 52. Kf2 d2 53. Ke2 a2 54. Ra8 Rc1 0-1


[Site "https://www.chess.com"]

[Event "Titled Tuesday Blitz March 07 Late 2023"]
[White "Caruana, Fabiano"]
[Black "Gerzhoy, Leonid"]
[WhiteFideId "2020009"]
[BlackFideId "2806126"]
[WhiteElo "2818"]
[BlackElo "2598"]
[Result "1-0"]
[Round "04"]
[TimeControl "180+2"]
[Date "2023.03.07"]
[WhiteClock "0:00:17"]
[BlackClock "0:00:13"]

1. e4 d6 2. d4 Nf6 3. Nc3 e5 4. Nf3 Nc6 5. Bb5 Bd7 6. O-O Be7 7. Re1 exd4 8. Nxd4 O-O 9. Bxc6 Bxc6 10. h3 Nd7 11. Bf4 Bf6 12. Qd2 Re8 13. Rad1 Bxd4 14. Qxd4 Qf6 15. Qe3 Qg6 16. f3 Re7 17. Qf2 Rae8 18. b4 a6 19. a4 b5 20. Qa7 Ra8 21. Qd4 Rae8 22. axb5 axb5 23. Nd5 Bxd5 24. Qxd5 Nb6 25. Qxb5 f5 26. Bxd6 cxd6 27. Qxb6 fxe4 28. fxe4 Rxe4 29. Rxe4 Qxe4 30. c3 Qc2 31. Qd4 h6 32. Qd2 Qb3 33. Re1 Rc8 34. Re3 d5 35. Qd4 Qb1+ 36. Kh2 Qf5 37. Re5 Qf7 38. Rxd5 Qc7+ 39. Kg1 Qxc3 40. Rd8+ Kh7 41. Qe4+ g6 42. Qe7+ 1-0


[Site "https://www.chess.com"]

[Event "Titled Tuesday Blitz March 07 Late 2023"]
[White "Matlakov, Maxim"]
[Black "Jimenez Almeida, Luis David"]
[WhiteFideId "4168003"]
[BlackFideId "22242244"]
[WhiteElo "2666"]
[BlackElo "2245"]
[Result "1-0"]
[Round "04"]
[TimeControl "180+2"]
[Date "2023.03.07"]
[WhiteClock "0:00:45"]
[BlackClock "0:00:06"]

1. d4 g6 2. e4 c6 3. c4 Bg7 4. Nc3 Na6 5. Be3 d6 6. Be2 Nc7 7. Nf3 Nf6 8. O-O O-O 9. h3 a5 10. Rc1 Re8 11. Re1 b6 12. e5 dxe5 13. Nxe5 Bb7 14. Bf3 Qd6 15. Qb3 Ne6 16. Qxb6 Qb4 17. d5 cxd5 18. cxd5 Qxb6 19. Bxb6 Nf4 20. Rcd1 g5 21. Be3 a4 22. a3 Rab8 23. h4 h6 24. hxg5 hxg5 25. g3 Ng6 26. Nxg6 fxg6 27. Bxg5 Bc8 28. Nxa4 Kf7 29. b4 Ra8 30. Nb6 Rxa3 31. Nxc8 Rxc8 32. Kg2 Rb3 33. d6 exd6 34. Bxf6 Kxf6 35. Rxd6+ Kg5 36. Rd5+ Kf6 37. Rd6+ Kg5 38. Be4 Bf6 39. f4+ Kg4 40. Rxf6 Rb2+ 41. Kf1 Kxg3 42. Re3+ Kg4 43. Bf3+ Kh4 44. Be2 Rxb4 45. Kg2 Rxf4 46. Rxf4+ Kg5 47. Rg4+ Kf5 48. Rf3+ Ke5 49. Rxg6 Rc2 50. Kf2 Kd4 51. Rg5 Ke4 52. Rh3 Kf4 53. Rg4+ Kf5 54. Rh5+ Kf6 55. Ra4 Rc6 56. Ra6 1-0


[Site "https://www.chess.com"]

[Event "Titled Tuesday Blitz March 07 Late 2023"]
[White "Liang, Awonder"]
[Black "Blomqvist, Erik"]
[WhiteFideId "2056437"]
[BlackFideId "1709437"]
[WhiteElo "2508"]
[BlackElo "2436"]
[Result "1-0"]
[Round "04"]
[TimeControl "180+2"]
[Date "2023.03.07"]
[WhiteClock "0:02:02"]
[BlackClock "0:00:53"]

1. b3 g6 2. Bb2 Nf6 3. e4 c5 4. Nc3 Bg7 5. Qe2 Nc6 6. O-O-O d6 7. f4 O-O 8. Nf3 Bg4 9. Qf2 Qa5 10. Kb1 a6 11. Be2 b5 12. Qe3 Rac8 13. h3 Bxf3 14. Bxf3 Nd4 15. e5 dxe5 16. fxe5 Nd7 17. h4 Nxe5 18. h5 Nexf3 19. gxf3 Qb6 20. Nd5 Qd6 21. Nxe7+ Kh8 22. hxg6 fxg6 23. Rxh7+ 1-0


[Site "https://www.chess.com"]

[Event "Titled Tuesday Blitz March 07 Late 2023"]
[White "Musovic, Armin"]
[Black "Licznerski, Lukasz"]
[WhiteFideId "939935"]
[BlackFideId "1179250"]
[WhiteElo "2321"]
[BlackElo "2450"]
[Result "0-1"]
[Round "04"]
[TimeControl "180+2"]
[Date "2023.03.07"]
[WhiteClock "0:02:45"]
[BlackClock "0:02:25"]

1. a3 d5 2. Nc3 d4 3. Ne4 Nf6 4. d3 Nxe4 5. dxe4 e5 6. Nf3 Bd6 7. e3 c5 8. h3 O-O 9. Bc4 Qe7 10. Bd5 Be6 11. c4 dxc3 12. bxc3 Bxd5 13. exd5 e4 14. Nh2 Bxh2 15. Rxh2 Qe5 0-1


[Site "https://www.chess.com"]

[Event "Titled Tuesday Blitz March 07 Late 2023"]
[White "Rasulov, Vugar"]
[Black "Filgueira, Hernan"]
[WhiteFideId "13402390"]
[BlackFideId "101770"]
[WhiteElo "2509"]
[BlackElo "2363"]
[Result "1-0"]
[Round "04"]
[TimeControl "180+2"]
[Date "2023.03.07"]
[WhiteClock "0:00:55"]
[BlackClock "0:00:13"]

1. Nf3 d6 2. d4 Bg4 3. e4 Nf6 4. Nc3 c6 5. a4 e6 6. Be2 Be7 7. O-O d5 8. e5 Nfd7 9. Ne1 Bxe2 10. Nxe2 c5 11. c3 Nc6 12. f4 O-O 13. Nf3 Qb6 14. Kh1 cxd4 15. cxd4 Rac8 16. Bd2 a5 17. Bc3 g6 18. g4 Bb4 19. f5 exf5 20. gxf5 Ne7 21. Ng3 Bxc3 22. bxc3 Rxc3 23. f6 Rxf3 24. Qxf3 Nc6 25. Qxd5 Ndb8 26. Rab1 Nb4 27. Qe4 Rd8 28. Nf5 Kh8 29. Nd6 Kg8 30. d5 N8a6 31. Nxf7 Kxf7 32. e6+ Kg8 33. f7+ 1-0


[Site "https://www.chess.com"]

[Event "Titled Tuesday Blitz March 07 Late 2023"]
[White "Danielian, Vardan"]
[Black "Dominguez Perez, Leinier"]
[WhiteFideId "13301594"]
[BlackFideId "3503240"]
[WhiteElo "2567"]
[BlackElo "2647"]
[Result "0-1"]
[Round "04"]
[TimeControl "180+2"]
[Date "2023.03.07"]
[WhiteClock "0:00:02"]
[BlackClock "0:00:16"]

1. d4 d5 2. c4 e6 3. Nc3 Nf6 4. cxd5 exd5 5. Bg5 Bb4 6. e3 c6 7. Bd3 h6 8. Bh4 O-O 9. Nf3 Re8 10. O-O Bg4 11. Qb3 Bxc3 12. bxc3 Bxf3 13. gxf3 b6 14. c4 dxc4 15. Bxc4 Qe7 16. Rac1 Nbd7 17. Rfd1 c5 18. Bb5 Red8 19. Bxd7 Rxd7 20. dxc5 Rxd1+ 21. Qxd1 bxc5 22. Qc2 Rc8 23. Qf5 Rc6 24. Rc4 g5 25. Bg3 Nd7 26. Re4 Re6 27. Rxe6 Qxe6 28. Qxe6 fxe6 29. Kf1 e5 30. Ke2 h5 31. h4 gxh4 32. Bxh4 Nf8 33. Kd3 Ng6 34. Bg3 h4 35. Bh2 h3 36. Ke4 c4 37. f4 exf4 38. exf4 Nh4 39. Bg3 Nf5 40. Bh2 Kf7 41. f3 Ke6 42. Bg1 a5 43. a4 Kd6 44. Bh2 Kc5 45. Bg1+ Kb4 46. Bh2 c3 47. Kd3 Kb3 0-1


[Site "https://www.chess.com"]

[Event "Titled Tuesday Blitz March 07 Late 2023"]
[White "Krallis, Christos"]
[Black "Rustemov, Alexander"]
[WhiteFideId "4298896"]
[BlackFideId "4119002"]
[WhiteElo "2243"]
[BlackElo "2856"]
[Result "0-1"]
[Round "04"]
[TimeControl "180+2"]
[Date "2023.03.07"]
[WhiteClock "0:00:03"]
[BlackClock "0:00:15"]

1. e4 e6 2. d4 d5 3. Nd2 dxe4 4. Nxe4 Bd7 5. Nf3 Bc6 6. Bd3 Nd7 7. Qe2 Ngf6 8. Bg5 Be7 9. Bxf6 Nxf6 10. O-O-O Qd5 11. Nc3 Qh5 12. Ne5 Qxe2 13. Bxe2 Be4 14. Nxe4 Nxe4 15. Nd3 O-O-O 16. c3 c6 17. Bf3 Ng5 18. Be2 Ne4 19. Bf3 Nf6 20. Ne5 Rhf8 21. Kc2 Kc7 22. h4 Bd6 23. Nc4 Be7 24. g3 h5 25. Rhe1 g6 26. Ne5 Bd6 27. Nc4 Rd7 28. a4 b6 29. b4 Nd5 30. Kb3 Rfd8 31. b5 cxb5 32. axb5 Kb8 33. Ra1 Nc7 34. Bc6 Re7 35. Ra4 a5 36. Nxb6 Nxb5 37. Rxa5 Na7 38. Bf3 Bc7 39. Ra6 Rd6 40. c4 Rxb6+ 41. Rxb6+ Bxb6 42. c5 Bd8 43. Kc4 Kc8 44. Ra1 Rc7 45. Ra6 Kd7 46. d5 exd5+ 47. Bxd5 Ke7 48. Ra1 Kf8 49. Ra6 Be7 50. c6 Nc8 51. Kb5 Kg7 52. Ra8 Bd6 53. Bg2 Kf6 54. Bh3 Ne7 55. Bd7 Nd5 56. Ra1 Be5 57. Re1 Ra7 58. f4 Nc7+ 59. Kc4 Ba1 60. Rd1 Ne6 61. Kd3 Ra3+ 62. Ke4 Nc7 63. Rc1 Bb2 64. Rc2 Bc3 65. Rc1 Ba5 66. Rc2 Bb6 67. Rb2 Re3# 0-1


[Site "https://www.chess.com"]

[Event "Titled Tuesday Blitz March 07 Late 2023"]
[White "Li, Ruifeng"]
[Black "Taboas Rodriguez, Daniel"]
[WhiteFideId "2061074"]
[BlackFideId "2208466"]
[WhiteElo "2441"]
[BlackElo "2365"]
[Result "1-0"]
[Round "04"]
[TimeControl "180+2"]
[Date "2023.03.07"]
[WhiteClock "0:00:14"]
[BlackClock "0:00:16"]

1. b3 d5 2. Bb2 Bg4 3. f3 Bh5 4. Nh3 f6 5. d4 Nc6 6. Nc3 e6 7. Qd2 Bd6 8. O-O-O Nge7 9. e4 Qd7 10. Kb1 O-O-O 11. Nf4 Bf7 12. Nb5 Kb8 13. Nxd6 Qxd6 14. Bb5 dxe4 15. fxe4 e5 16. Ne2 exd4 17. Nxd4 Nxd4 18. Qxd4 Qxd4 19. Bxd4 a6 20. Be2 Nc6 21. Bc3 Bg6 22. Bf3 Rhe8 23. Rxd8+ Nxd8 24. Rd1 Nc6 25. Rd7 Re7 26. Rxe7 Nxe7 27. e5 Ng8 28. Bd5 Ne7 29. Be6 fxe5 30. Bxe5 Bf5 31. Bxf5 Nxf5 32. g4 Ne3 33. h3 g6 34. Kc1 Kc8 35. Kd2 Nd5 36. c4 Nb4 37. a3 Nc6 38. Bf4 Kd7 39. Kd3 Na5 40. b4 Nc6 41. Ke4 b5 42. cxb5 axb5 43. Kd5 Ne7+ 44. Ke5 c6 45. Be3 Nd5 46. Bc5 Nc3 47. Kf6 Nb1 48. Kg7 Ke6 49. Kxh7 Kf7 50. h4 Nc3 51. h5 g5 52. Kh6 Ne4 53. Be3 Kf6 54. Bd4+ Kf7 55. Be5 Ke6 56. Bb2 Kf7 57. Bd4 Nd2 58. Be3 Nc4 59. Bc1 Ne5 60. Kxg5 Ke6 61. h6 Kf7 62. Kf5 Ng6 63. Be3 Ne7+ 64. Ke5 Nd5 65. Bd2 Nb6 66. Bc1 Nc4+ 67. Kd4 Kg6 68. Kc5 Ne5 69. g5 Nd3+ 70. Kxc6 Nxc1 71. Kxb5 Na2 72. Kc5 Nc3 73. b5 Ne4+ 74. Kc6 Nxg5 75. b6 Ne6 76. b7 Nd8+ 77. Kc7 Nxb7 78. Kxb7 Kxh6 79. a4 Kg6 80. a5 Kf6 81. a6 Ke6 82. a7 1-0


[Site "https://www.chess.com"]

[Event "Titled Tuesday Blitz March 07 Late 2023"]
[White "Chor, Kevin"]
[Black "Samsonkin, Artiom"]
[WhiteFideId "2090740"]
[BlackFideId "13503111"]
[WhiteElo "2557"]
[BlackElo "2524"]
[Result "0-1"]
[Round "04"]
[TimeControl "180+2"]
[Date "2023.03.07"]
[WhiteClock "0:00:12"]
[BlackClock "0:00:30"]

1. e4 e6 2. d4 d5 3. Nd2 c5 4. exd5 Qxd5 5. Ngf3 cxd4 6. Bc4 Qd6 7. O-O Nf6 8. Nb3 a6 9. Nfxd4 b5 10. Be2 Bb7 11. Bf3 Qc7 12. Bf4 Qc8 13. Na5 Bd5 14. Bxb8 Qxb8 15. Bxd5 Nxd5 16. Ndc6 Qc7 17. Re1 Nb4 18. Qf3 Rc8 19. Qh5 g6 20. Qe5 Qxe5 21. Nxe5 Nxc2 22. Rac1 Bh6 23. Nac6 Bxc1 24. Rxc1 Nd4 0-1


[Site "https://www.chess.com"]

[Event "Titled Tuesday Blitz March 07 Late 2023"]
[White "Remizov, Yaroslav"]
[Black "Marra, Eduardo da Costa"]
[WhiteFideId "34134015"]
[BlackFideId "2106990"]
[WhiteElo "2408"]
[BlackElo "2252"]
[Result "1/2-1/2"]
[Round "04"]
[TimeControl "180+2"]
[Date "2023.03.07"]
[WhiteClock "0:02:53"]
[BlackClock "0:02:26"]

1. e4 c5 2. Nf3 e6 3. d4 cxd4 4. Nxd4 Nf6 5. Bd3 Nc6 6. Nxc6 dxc6 7. O-O e5 8. f4 Bc5+ 9. Kh1 Ng4 10. Qf3 Qh4 11. h3 Nf2+ 12. Kh2 Ng4+ 13. Kh1 Nf2+ 14. Kh2 Ng4+ 15. Kh1 1/2-1/2


[Site "https://www.chess.com"]

[Event "Titled Tuesday Blitz March 07 Late 2023"]
[White "Martinez Reyes, Pedro Ramon"]
[Black "Corrales Jimenez, Fidel"]
[WhiteFideId "3901807"]
[BlackFideId "3506690"]
[WhiteElo "2340"]
[BlackElo "2541"]
[Result "0-1"]
[Round "04"]
[TimeControl "180+2"]
[Date "2023.03.07"]
[WhiteClock "0:00:11"]
[BlackClock "0:01:20"]

1. e4 d5 2. exd5 Qxd5 3. Nc3 Qd8 4. d4 Nf6 5. Nf3 g6 6. Bc4 Bg7 7. O-O O-O 8. Re1 b6 9. Ne5 Bb7 10. Be3 Nc6 11. Bb3 Na5 12. Qe2 Nxb3 13. axb3 Nd5 14. Rad1 Nxc3 15. bxc3 Qd5 16. f3 Rfd8 17. c4 Qe6 18. Bf2 f6 19. Ng4 Qxe2 20. Rxe2 Kf7 21. Rde1 Rd7 22. d5 c6 23. Ne3 cxd5 24. Nxd5 Bf8 25. Nc3 e5 26. Ra1 Bb4 27. Be1 a5 28. Nb5 Be7 29. Bf2 Ra6 30. Kf1 Bc6 31. Be3 g5 32. Kf2 h5 33. Ree1 Bc5 34. Red1 Bxe3+ 35. Kxe3 Bxb5 36. cxb5 Raa7 37. c4 Ke6 38. h4 gxh4 39. Rh1 Rd4 40. Rad1 Rad7 41. Rxd4 Rxd4 42. Rc1 Kd6 43. Ke2 Kc5 44. Rd1 Rxd1 45. Kxd1 Kb4 46. Kc2 a4 47. bxa4 Kxc4 48. a5 Kxb5 49. axb6 Kxb6 50. Kd3 f5 51. Ke3 Kc5 52. Kf2 Kd4 53. g3 hxg3+ 54. Kxg3 Ke3 0-1


[Site "https://www.chess.com"]

[Event "Titled Tuesday Blitz March 07 Late 2023"]
[White "Defend, Balint"]
[Black "Krzyzanowski, Marcin"]
[WhiteFideId "17004853"]
[BlackFideId "1132199"]
[WhiteElo "2546"]
[BlackElo "2471"]
[Result "0-1"]
[Round "04"]
[TimeControl "180+2"]
[Date "2023.03.07"]
[WhiteClock "0:00:20"]
[BlackClock "0:00:45"]

1. e4 c5 2. Nf3 Nc6 3. Bb5 g6 4. Bxc6 bxc6 5. d4 cxd4 6. Qxd4 f6 7. e5 Bg7 8. Qh4 fxe5 9. O-O d6 10. Ng5 h6 11. Nf3 Nf6 12. Nc3 g5 13. Qc4 Bd7 14. Qd3 O-O 15. Be3 Qe8 16. Rad1 Bg4 17. Qc4+ d5 18. Qe2 e4 19. Nxe4 Nxe4 20. h3 Bxf3 21. gxf3 Nf6 22. Bc5 Rf7 23. f4 Ne4 24. fxg5 Nxc5 25. Qe3 d4 26. Qg3 Ne4 27. Qg4 Nxg5 28. Kh1 Qc8 29. f4 Qxg4 30. hxg4 Ne4 31. Kg2 Nd6 32. Rde1 Nc4 33. Rf3 Nxb2 34. Re6 Rc8 35. f5 Nc4 36. Rb3 Ne3+ 37. Kf3 Nxc2 38. Rb7 d3 39. Rxa7 Nd4+ 40. Ke4 Nxe6 41. fxe6 Rf6 42. Kxd3 Rxe6 43. Kc4 Re4+ 44. Kc5 Bd4+ 0-1


[Site "https://www.chess.com"]

[Event "Titled Tuesday Blitz March 07 Late 2023"]
[White "Baskakov, Egor"]
[Black "Reprintsev, Alexander"]
[WhiteFideId "24197866"]
[BlackFideId "14100541"]
[WhiteElo "2212"]
[BlackElo "2229"]
[Result "1-0"]
[Round "04"]
[TimeControl "180+2"]
[Date "2023.03.07"]
[WhiteClock "0:01:39"]
[BlackClock "0:00:32"]

1. e4 e5 2. Nc3 Nc6 3. g3 Bc5 4. Bg2 d6 5. Nge2 Nge7 6. O-O Bg4 7. h3 Bh5 8. d3 O-O 9. Kh2 f5 10. exf5 Bxe2 11. Qxe2 Nxf5 12. f4 Ncd4 13. Qd1 c6 14. Ne4 Bb6 15. fxe5 dxe5 16. c3 Ne6 17. Qb3 Qd7 18. Ng5 Rae8 19. h4 Kh8 20. Nxe6 Rxe6 21. Bg5 Ree8 22. Qc4 h6 23. Bd2 Be3 24. Be1 Nd6 25. Rxf8+ Rxf8 26. Qa4 Qg4 27. Qxg4 1-0


[Site "https://www.chess.com"]

[Event "Titled Tuesday Blitz March 07 Late 2023"]
[White "Kavutskiy, Konstantin"]
[Black "Mahdavi, Reza"]
[WhiteFideId "2026384"]
[BlackFideId "12595926"]
[WhiteElo "2369"]
[BlackElo "2208"]
[Result "1-0"]
[Round "04"]
[TimeControl "180+2"]
[Date "2023.03.07"]
[WhiteClock "0:00:20"]
[BlackClock "0:00:02"]

1. d4 Nf6 2. Bg5 g6 3. Bxf6 exf6 4. c4 Bg7 5. Nc3 O-O 6. g3 d6 7. Bg2 c6 8. e3 Nd7 9. Nge2 f5 10. O-O Nf6 11. b4 h5 12. h4 Be6 13. Qd3 Qc7 14. Rfc1 Rfe8 15. b5 Bh6 16. a4 g5 17. hxg5 Bxg5 18. d5 Bd7 19. bxc6 bxc6 20. dxc6 Bc8 21. Nb5 Qe7 22. Qxd6 Be6 23. Qxe7 Rxe7 24. Ned4 h4 25. gxh4 Bxh4 26. c5 f4 27. Nxe6 fxe3 28. fxe3 fxe6 29. c7 Rf8 30. Bf3 Rg7+ 31. Kh1 a6 32. Nd6 Rxc7 33. Ra2 Rh7 34. Rg2+ Kh8 35. Rh2 Bg3 36. Rxh7+ Nxh7 37. Kg2 Be5 38. Nc4 Bc7 39. Rh1 Kg7 40. Bb7 Rf5 41. c6 a5 42. Rd1 Nf6 43. Rb1 Rg5+ 44. Kf3 Rc5 45. Nb6 Rf5+ 46. Ke2 Ne4 47. Rg1+ Kf7 48. Na8 Nc3+ 49. Kd3 Nd5 50. e4 Rf3+ 51. Ke2 Re3+ 52. Kf2 Rxe4 53. Nxc7 Nxc7 54. Rd1 Rf4+ 55. Ke3 Rxa4 56. Rd7+ Kf6 57. Rxc7 Rc4 58. Kd3 1-0


[Site "https://www.chess.com"]

[Event "Titled Tuesday Blitz March 07 Late 2023"]
[White "Kretchetov, Alexandre"]
[Black "Harsh Suresh"]
[WhiteFideId "4124588"]
[BlackFideId "45018464"]
[WhiteElo "2533"]
[BlackElo "2227"]
[Result "1-0"]
[Round "04"]
[TimeControl "180+2"]
[Date "2023.03.07"]
[WhiteClock "0:00:36"]
[BlackClock "0:00:11"]

1. d4 Nf6 2. c4 e6 3. Nc3 Bb4 4. Qc2 d5 5. cxd5 exd5 6. Bg5 c6 7. e3 O-O 8. Bd3 h6 9. Bh4 Re8 10. Ne2 Nbd7 11. O-O Nf8 12. h3 Bd6 13. Rae1 Be6 14. f3 c5 15. Bf2 Qd7 16. Bb5 Qc7 17. Bxe8 Rxe8 18. Nb5 Bh2+ 19. Kh1 Qa5 20. Kxh2 Qxb5 21. dxc5 Rc8 22. Rc1 N8d7 23. Nd4 Qa5 24. Nb3 Qc7+ 25. Bg3 Qd8 26. Qd2 h5 27. Kh1 Nf8 28. Nd4 Bd7 29. b4 Ng6 30. b5 h4 31. Bh2 Nh5 32. c6 bxc6 33. bxc6 Be8 34. Qf2 Qg5 35. f4 Qf6 36. Qf3 Ng3+ 37. Bxg3 hxg3 38. Qxg3 Ne7 39. c7 Bd7 40. Qg5 Qd6 41. f5 f6 42. Qf4 Qb6 43. Rf2 Ba4 44. Rd2 Bd7 45. Rdc2 Ba4 46. Rc3 Bd7 47. Qf2 Qd6 48. Qf4 Qb6 49. Kh2 Ba4 50. Ne6 Bd7 51. Nc5 Bxf5 52. Nb3 Be4 53. Nd4 Ng6 54. Qg3 Ne7 55. Rb3 Qa6 56. Rb8 Kf7 57. Rxc8 Qxc8 58. Qg4 f5 59. Qf4 Ng6 60. Qd6 f4 61. exf4 Nh4 62. Qd8 Qb7 63. c8=Q Qb2 64. Qg8+ Kf6 65. Qce6# 1-0


[Site "https://www.chess.com"]

[Event "Titled Tuesday Blitz March 07 Late 2023"]
[White "Risteski, Emil"]
[Black "Costachi, Mihnea"]
[WhiteFideId "15005267"]
[BlackFideId "1217518"]
[WhiteElo "2251"]
[BlackElo "2456"]
[Result "0-1"]
[Round "04"]
[TimeControl "180+2"]
[Date "2023.03.07"]
[WhiteClock "0:00:28"]
[BlackClock "0:00:47"]

1. c4 Nf6 2. Nc3 g6 3. e4 d6 4. d4 Bg7 5. Be2 O-O 6. Be3 Na6 7. h4 c5 8. d5 e6 9. h5 exd5 10. exd5 Re8 11. h6 Bh8 12. Nh3 Bxh3 13. Rxh3 Ne4 14. Nxe4 Rxe4 15. Bd3 Re8 16. Qd2 Qf6 17. Rb1 Nb4 18. a3 Nxd3+ 19. Qxd3 a6 20. b4 b6 21. Kf1 a5 22. bxc5 bxc5 23. Rf3 Qe7 24. a4 Rab8 25. Rb5 Rxb5 26. axb5 a4 27. Qa3 Ra8 28. Bc1 Qh4 29. Qd3 Qh1+ 30. Ke2 Qxc1 31. Qe4 Qb2+ 32. Kf1 Qa1+ 33. Ke2 Qe5 0-1


[Site "https://www.chess.com"]

[Event "Titled Tuesday Blitz March 07 Late 2023"]
[White "Barp, Alberto"]
[Black "Do Nascimento,Christian Almeida"]
[WhiteFideId "872555"]
[BlackFideId "2143801"]
[WhiteElo "2313"]
[BlackElo "2125"]
[Result "0-1"]
[Round "04"]
[TimeControl "180+2"]
[Date "2023.03.07"]
[WhiteClock "0:00:02"]
[BlackClock "0:00:19"]

1. d4 Nf6 2. Nf3 d5 3. Bf4 e6 4. e3 Bd6 5. Nbd2 O-O 6. c3 c5 7. Ne5 Nc6 8. Bd3 Qc7 9. Ndf3 Ne4 10. Nxc6 Bxf4 11. Nce5 Bxe5 12. Nxe5 f6 13. Nf3 Bd7 14. O-O Be8 15. c4 Bh5 16. cxd5 exd5 17. dxc5 Kh8 18. Rc1 Bxf3 19. gxf3 Ng5 20. f4 Ne4 21. Bxe4 dxe4 22. Qd6 Qf7 23. f5 Rae8 24. Kh1 Re5 25. Rcd1 Rfe8 26. Qd7 Qh5 27. Rg1 Qf3+ 28. Rg2 Rg8 29. Rd2 h5 30. Kg1 Rxc5 31. Rd1 Rxf5 32. Rd2 Rg5 33. Rg3 h4 34. Rxg5 fxg5 35. Rd5 h3 0-1


[Site "https://www.chess.com"]